 Dungeon Crawl Stone Soup version 0.30.0-17-ge0270778cf (webtiles) character file.

Game seed: 7859327625981433152

9 Diggabert the Twirler (level 2, 0/15 HPs)
             Began as a Vine Stalker Gladiator on May 22, 2023.
             Slain by a hobgoblin (1 damage)
             ... on level 1 of the Dungeon.
             The game lasted 00:00:28 (73 turns).

Diggabert the Twirler (Vine Stalker Gladiator)        Turns: 73, Time: 00:00:28

Health: 0/15       AC:  4    Str: 16    XL:     2   Next: 12%
Magic:  0/3        EV:  9    Int:  8    God:
Gold:   0          SH:  0    Dex: 15    Spells: 1/1 levels left

rFire   . . .        a - +0 quarterstaff
rCold   . . .        (shield currently unavailable)
rNeg    . . .        b - +0 leather armour
rPois   .            c - +0 helmet
rElec   .            (no cloak)
rCorr   .            (no gloves)
SInv    .            (no boots)
Will    .....        (no amulet)
Stlth   +            (no ring)
HPRegen 0.22/turn    (no ring)
MPRegen 0.08/turn

%: guardian spirit
@: constricted
A: fangs 2, magic shield, antimagic bite, no potion heal 2
a: no special abilities


You were on level 1 of the Dungeon.
You visited 1 branch of the dungeon, and saw 1 of its levels.

Inventory:

Hand Weapons
 a - a +0 quarterstaff (weapon)
Missiles
 d - 3 throwing nets (quivered)
 e - a javelin
Armour
 b - a +0 leather armour (worn)
 c - a +0 helmet (worn)


   Skills:
 * Level 1.8 Fighting
 * Level 2.9 Staves
 - Level 1.7 Throwing
 * Level 0.2 Armour
 * Level 2.6 Dodging


You had one spell level left.
You didn't know any spells.
Your spell library was empty.

Dungeon Overview and Level Annotations

Branches:
Dungeon (1/15)

Altars:


Innate Abilities, Weirdness & Mutations

You have extremely sharp teeth.
When hurt, damage is shared between your health and your magic reserves.
Your bite disrupts and absorbs the magic of your enemies.
Potions cannot restore your health.


Message History

You have reached level 2!
You closely miss the hobgoblin. The hobgoblin hits you. x2
You thump the hobgoblin!
You kill the hobgoblin!
The hobgoblin hits you. The ball python barely misses you.
The ball python grabs you. The ball python constricts you.
You are too injured to fight recklessly!
You are too injured to fight recklessly!
You are too injured to fight recklessly!
You barely miss the ball python. Your bite misses the ball python.
The hobgoblin hits you.
* * * LOW HITPOINT WARNING * * *
The ball python bites you but does no damage.
The ball python constricts you.
You closely miss the ball python. You bite the ball python.
You drain its power.
You feel invigorated.
The ball python is moderately wounded.
The hobgoblin barely misses you. The ball python barely misses you.
The ball python constricts you.
The hobgoblin hits you but does no damage.
You barely miss the ball python. Your bite misses the ball python.
The ball python is moderately wounded.
The ball python bites you but does no damage.
The ball python constricts you.
* * * LOW HITPOINT WARNING * * *
The ball python barely misses you. The ball python constricts you.
The hobgoblin hits you.
* * * LOW HITPOINT WARNING * * *
You hit the ball python but do no damage.
The ball python is moderately wounded.
The ball python bites you.
* * * LOW HITPOINT WARNING * * *
The ball python constricts you.
The hobgoblin hits you but does no damage.
You barely miss the ball python.
You bite the ball python, but do no damage.
The ball python is moderately wounded.
The ball python bites you but does no damage.
The ball python constricts you. The hobgoblin hits you.
You die...

......♣....♣.$..♣.
....8...♣...♣...♣ . #.
.............♣ . . ##.
.....♣♣..♣..♣♣. ..###..
####...♣...♣♣..♣ .......
#..##....♣..♣... ...8!..
)##S#.....♣♣....
......S##!###.........♣.
#.g@####....♣♣..♣..♣
##....?......♣...♣..
#?........♣...♣.♣..
#....8...♣♣...♣♣♣...
..........♣...♣....♣..
..$....................
###########♣♣♣♣♣♣♣♣♣♣♣♣


You could see a hobgoblin and a ball python.

Vanquished Creatures
  A ball python (D:1)
  2 endoplasms (D:1)
  A goblin (D:1)
  A hobgoblin (D:1)
  A bat (D:1)
  A frilled lizard (D:1)
  A rat (D:1)
8 creatures vanquished.

Notes
Turn   | Place    | Note
-------+----------+-------------------------------------------
     0 | D:1      | Diggabert the Vine Stalker Gladiator began the quest for
                  | the Orb.
     0 | D:1      | Reached XP level 1. HP: 11/11 MP: 2/2
    67 | D:1      | Reached XP level 2. HP: 15/15 MP: 3/3
    73 | D:1      | Slain by a hobgoblin

Illustrated notes

Levels and vault maps discovered:
D:1:      erik_arrival_cave_to_civilisation [erik_arrival_cave_to_hall],
          layout_rooms, shapermc_ecumenical_altar_totnotflames

Action                     || total
---------------------------++-------
  Melee: Quarterstaff      ||    21
         Bite              ||     2
 Armour: Leather armour    ||    13
  Dodge: Dodged            ||    14
